 Dungeon Sprint DCSS version 0.18.1-6-gd335043 (webtiles) character file.

23083 Hipnos the Ninja (level 12, -9/56 HPs)
             Began as a Spriggan Enchanter on May 20, 2016.
             Was the Champion of Sif Muna.
             Mangled by the 27-headed Lernaean hydra (12 damage)
             ... in the Dungeon (Sprint I: "Red Sonja").
             The game lasted 00:27:15 (3856 turns).

Hipnos the Ninja (Spriggan Enchanter)               Turns: 3856, Time: 00:27:15

Health: -9/56      AC:  4    Str:  5    XL:     12   Next: 68%
Magic:  30/30      EV: 37    Int: 22    God:    Sif Muna [******]
Gold:   1794       SH:  5    Dex: 18    Spells: 9 memorised, 2 levels left

rFire  + . .     SeeInvis +     i - +1 dagger (holy)
rCold  . . .     Gourm    .     b - +1 robe
rNeg   . . .     Faith    .     (shield restricted)
rPois  .         Spirit   .     (helmet restricted)
rElec  .         Dismiss  .     (no cloak)
rCorr  .         Reflect  +     (gloves unavailable)
SustAt .         Harm     .     (boots unavailable)
MR     ++...     NoTele   +     r - +5 amulet of reflection
Stlth  ++++++....               q - ring of the Octopus King {rF+ AC+1 EV+1 Str+1 Int+1 Dex+1}
                                u - +4 ring of evasion

@: very quick, very resistant to hostile enchantments, very stealthy
A: unfitting armour, see invisible, herbivore 3, speed 3, slow metabolism 2
a: Channel Energy, Forget Spell, Renounce Religion


You were in the Dungeon.
You worshipped Sif Muna.
Sif Muna was exalted by your worship.
You were not hungry.

You visited 1 branch You collected 3121 gold pieces.
You spent 1327 gold pieces at shops.

Inventory:

Hand Weapons
 a - a +1 dagger
 i - a +1 dagger of holy wrath (weapon)
 x - a +0 demon blade of venom
Armour
 b - a +1 robe (worn)
Jewellery
 l - an uncursed ring of ice
 q - a ring of the Octopus King (right hand) {rF+ AC+1 EV+1 Str+1 Int+1 Dex+1}
   (You bought it in a shop in the Dungeon)

   [ring of protection from fire]

   It affects your AC (+1).
   It affects your evasion (+1).
   It affects your strength (+1).
   It affects your intelligence (+1).
   It affects your dexterity (+1).
   It protects you from fire.
 r - a +5 amulet of reflection (around neck)
 u - a +4 ring of evasion (left hand)
Wands
 p - a wand of lightning (8/15)
 F - a wand of confusion (15/48)
Scrolls
 j - a scroll of blinking
 n - a scroll of random uselessness
 y - 2 scrolls of identify
 A - a scroll of remove curse
 B - a scroll of enchant armour {unknown}
 C - a scroll of fog {unknown}
 D - 2 scrolls of immolation {unknown}
Potions
 e - a potion of curing
 f - 3 potions of heal wounds
 g - a potion of haste
 h - 2 potions of magic
 k - 2 potions of mutation
 m - a potion of resistance {unknown}
 s - 2 potions of lignification
 z - 2 potions of ambrosia {unknown}
Books
 c - a book of Maledictions

   Spells                             Type                      Level
   a - Corona                         Hexes                        1
   b - Ensorcelled Hibernation        Hexes/Ice                    2
   c - Confuse                        Hexes                        3
   d - Tukima's Dance                 Hexes                        3
   e - Dazzling Spray                 Conjuration/Hexes            3
 o - a book of Misfortune

   Spells                             Type                      Level
   a - Confusing Touch                Hexes                        2
   b - Confuse                        Hexes                        3
   c - Gell's Gravitas                Hexes/Translocation          3
   d - Petrify                        Transmutation/Earth          4
   e - Metabolic Englaciation         Hexes/Ice                    5
   f - Yara's Violent Unravelling     Hexes/Transmutation          5
 t - Sif Muna's Catalogue of Boosting Necromancy
   (Sif Muna gifted it to you in the Dungeon)

   Spells                             Type                      Level
   a - Ozocubu's Armour               Charms/Ice                   3
   b - Spectral Weapon                Hexes/Charms                 3
   c - Excruciating Wounds            Charms/Necromancy            5
   d - Warp Weapon                    Charms/Translocation         5
   e - Deflect Missiles               Charms/Air                   6
   f - Necromutation                  Transmutation/Necromancy     8
 v - Sif Muna's Handbook of Burning Hexes
   (Sif Muna gifted it to you in the Dungeon)

   Spells                             Type                      Level
   a - Slow                           Hexes                        2
   b - Summon Guardian Golem          Hexes/Summoning              3
   c - Sticky Flame                   Conjuration/Fire             4
   d - Cause Fear                     Hexes                        4
   e - Invisibility                   Hexes                        6
   f - Discord                        Hexes                        8
 w - a Young Poisoner's Handbook

   Spells                             Type                      Level
   a - Sting                          Conjuration/Poison           1
   b - Cure Poison                    Poison                       2
   c - Mephitic Cloud                 Conjuration/Poison/Air       3
   d - Olgreb's Toxic Radiance        Poison                       4
   e - Venom Bolt                     Conjuration/Poison           5
 E - a book of Cantrips

   Spells                             Type                      Level
   a - Corona                         Hexes                        1
   b - Animate Skeleton               Necromancy                   1
   c - Summon Small Mammal            Summoning                    1
   d - Apportation                    Translocation                1
Comestibles
 d - 2 bread rations


   Skills:
 + Level 2.7 Fighting
 + Level 4.5 Short Blades
 * Level 15.5 Dodging
 O Level 27 Stealth
 + Level 13.4 Spellcasting
 * Level 19.9 Hexes
 * Level 10.4 Charms
 * Level 12.4 Translocations
 - Level 0.5 Ice Magic


You had 2 spell levels left.
You knew the following spells:

 Your Spells              Type           Power        Failure   Level  Hunger
a - Corona                Hex            #######      0%          1    None
b - Ensorcelled Hibernat  Hex/Ice        ######       1%          2    None
c - Confuse               Hex            #######.     0%          3    None
d - Dazzling Spray        Conj/Hex       ######..     1%          3    None
e - Gell's Gravitas       Hex/Tloc       ######....   0%          3    None
f - Ozocubu's Armour      Chrm/Ice       #####...     1%          3    None
g - Deflect Missiles      Chrm/Air       #####.....   78%         6    #####..
h - Invisibility          Hex            #######.     1%          6    #####..
i - Discord               Hex            #######...   10%         8    #######


Dungeon Overview and Level Annotations

Branches:
Dungeon (1/1)

Altars:
Cheibriados
Dithmenos
Elyvilon
Fedhas
Gozag
Kikubaaqudgha
Makhleb
Nemelex Xobeh
Okawaru
Pakellas
Qazlal
Ru
Sif Muna
Trog
Vehumet
Xom
Yredelemnul
Zin
The Shining One
Jiyva

Shops:
D *[*([!((}!*:}=*[((

Annotations:
D exclusion: oklob plant, Lernaean hydra, Lom Lobon


Innate Abilities, Weirdness & Mutations

You are tiny and cannot use many weapons and most armour.
You have supernaturally acute eyesight.
You are a herbivore.
You cover ground extremely quickly.
You need consume almost no food.


Message History

The 27-headed Lernaean hydra misses you.
The 27-headed Lernaean hydra barely misses you.
The 27-headed Lernaean hydra bites you!
The 27-headed Lernaean hydra completely misses you. x2
The 27-headed Lernaean hydra bites you! x2
You block the 27-headed Lernaean hydra's attack.
The 27-headed Lernaean hydra bites you.
* * * LOW HITPOINT WARNING * * *
The 27-headed Lernaean hydra bites you but does no damage.
The 27-headed Lernaean hydra completely misses you.
The 27-headed Lernaean hydra bites you!
* * * LOW HITPOINT WARNING * * *
The 27-headed Lernaean hydra completely misses you.
The 27-headed Lernaean hydra bites you.
* * * LOW HITPOINT WARNING * * *
The 27-headed Lernaean hydra closely misses you.
You block the 27-headed Lernaean hydra's attack.
The 27-headed Lernaean hydra barely misses you.
The 27-headed Lernaean hydra bites you!
You die...

###.#M≈..#..§.§..§....#
#.###..#............#
#.#.+..##^^^§..^^..##
####'#.##'##..........#
##..).#.#≈≈≈##........##
...####.#≈≈≈≈##..(...##
.### ..#≈≈≈≈≈######## ##
§####≈≈≈≈#≈≈≈≈≈#.§§
§§#..#'≈≈≈'≈@D≈≈'.§. §§
#...##≈≈#≈≈≈≈≈#≈≈≈ §.§
#....######'### §&§
#....# ≈≈≈ ###### ≈≈≈≈≈
≈≈≈≈≈≈ $$$$≈≈ ######


You could see the 27-headed Lernaean hydra.

Vanquished Creatures
  A golden dragon (D)
  A shadow dragon (D)
  4 fire giants (D)
  A hydra (D)
  2 centaur warriors (D)
  Sonja (D)
  A deep troll (D)
  7 unseen horrors (D)
  A lindwurm (D)
  An oklob plant (D)
  2 sirens (D)
  A gargoyle (D)
  2 kobold demonologists (D)
  4 demonic crawlers (D)
  A hellwing (D)
  A slime creature (D)
  Sigmund (D)
  2 redbacks (D)
  13 hogs (D)
  A yak (D)
  3 giant eyeballs (D)
  2 wasps (D)
  7 necrophages (D)
  An ogre (D)
  8 jellies (D)
  Ijyb (D)
70 creatures vanquished.

Vanquished Creatures (others)
  A deep elf annihilator (D)
  A gargoyle (D)
  3 wasps (D)
5 creatures vanquished.

Grand Total: 75 creatures vanquished

Notes
Turn   | Place    | Note
--------------------------------------------------------------
     0 | D        | Hipnos the Spriggan Enchanter began the quest for the Orb.
     0 | D        | Reached XP level 1. HP: 9/9 MP: 5/5
     1 | D        | Noticed Ijyb
    10 | D        | Killed Ijyb
    10 | D        | Reached skill level 7 in Stealth
    10 | D        | Reached skill level 5 in Hexes
    10 | D        | Reached XP level 2. HP: 13/13 MP: 7/7
    46 | D        | Learned a level 2 spell: Ensorcelled Hibernation
    48 | D        | Noticed an ogre
    51 | D        | Killed an ogre
    51 | D        | Reached skill level 5 in Dodging
    51 | D        | Reached skill level 9 in Stealth
    51 | D        | Reached XP level 3. HP: 16/16 MP: 5/9
    51 | D        | Reached XP level 4. HP: 21/21 MP: 6/11
    66 | D        | Learned a level 3 spell: Confuse
    66 | D        | Noticed Sigmund
    69 | D        | Killed Sigmund
    69 | D        | Reached skill level 12 in Stealth
    69 | D        | Reached skill level 5 in Spellcasting
    69 | D        | Reached skill level 10 in Hexes
    69 | D        | Reached XP level 5. HP: 24/24 MP: 7/13
    82 | D        | Found a deep blue altar of Sif Muna.
    84 | D        | Found a radiant altar of Vehumet.
    88 | D        | Became a worshipper of Sif Muna the Loreminder
    90 | D        | Reached XP level 6. HP: 28/28 MP: 10/14
    95 | D        | Learned a level 3 spell: Dazzling Spray
   121 | D        | Found Mouwicet's Antique Armour Emporium.
   121 | D        | Found a white marble altar of Elyvilon.
   121 | D        | Found a stormy altar of Qazlal.
   121 | D        | Found a burning altar of Makhleb.
   121 | D        | Found a sacrificial altar of Ru.
   121 | D        | Found an oddly glowing altar of Pakellas.
   121 | D        | Found a basalt altar of Yredelemnul.
   121 | D        | Found a glowing golden altar of the Shining One.
   121 | D        | Found a sparkling altar of Nemelex Xobeh.
   121 | D        | Found a shimmering altar of Xom.
   121 | D        | Found an opulent altar of Gozag.
   121 | D        | Found an ancient bone altar of Kikubaaqudgha.
   121 | D        | Found a glowing silver altar of Zin.
   121 | D        | Noticed a yak
   125 | D        | Killed a yak
   125 | D        | Reached * piety under Sif Muna
   125 | D        | Reached skill level 13 in Stealth
   126 | D        | Found an iron altar of Okawaru.
   127 | D        | Found a bloodstained altar of Trog.
   265 | D        | Found a snail-covered altar of Cheibriados.
   265 | D        | Found a viscous altar of Jiyva.
   265 | D        | Found a shadowy altar of Dithmenos.
   265 | D        | Found a blossoming altar of Fedhas.
   265 | D        | Noticed a slime creature
   268 | D        | Killed a slime creature
   268 | D        | Reached skill level 14 in Stealth
   268 | D        | Reached XP level 7. HP: 32/32 MP: 13/17
   291 | D        | Noticed Sonja
   295 | D        | Killed Sonja
   295 | D        | Reached ** piety under Sif Muna
   295 | D        | Reached *** piety under Sif Muna
   295 | D        | Reached skill level 1 in Fighting
   295 | D        | Reached skill level 16 in Stealth
   295 | D        | Reached XP level 8. HP: 37/37 MP: 16/19
   308 | D        | Noticed a deep troll
   312 | D        | Killed a deep troll
   312 | D        | Reached **** piety under Sif Muna
   312 | D        | Reached skill level 18 in Stealth
   322 | D        | Found Zyokut's Armour Emporium.
   354 | D        | Found Cetaf's Assorted Antiques.
   388 | D        | Noticed a kobold demonologist
   389 | D        | Noticed a kobold demonologist
   392 | D        | Killed a kobold demonologist
   392 | D        | Reached skill level 15 in Hexes
   392 | D        | Reached XP level 9. HP: 41/41 MP: 21/21
   397 | D        | Killed a kobold demonologist
   397 | D        | Reached skill level 19 in Stealth
   434 | D        | Noticed a demonic crawler
   434 | D        | Noticed a demonic crawler
   434 | D        | Noticed a demonic crawler
   434 | D        | Noticed a demonic crawler
   476 | D        | Killed a gargoyle
   694 | D        | Noticed a centaur warrior
   695 | D        | Noticed a centaur warrior
   697 | D        | Killed a centaur warrior
   697 | D        | Reached ***** piety under Sif Muna
   697 | D        | Reached skill level 20 in Stealth
   709 | D        | Killed a centaur warrior
   709 | D        | Reached skill level 21 in Stealth
   924 | D        | Noticed an oklob plant
   926 | D        | Killed an oklob plant
   926 | D        | Reached XP level 10. HP: 46/46 MP: 22/24
   935 | D        | Reached skill level 10 in Dodging
   938 | D        | Reached skill level 22 in Stealth
   970 | D        | Noticed an unseen horror
   972 | D        | Noticed an unseen horror
   979 | D        | Killed an unseen horror
   995 | D        | Killed an unseen horror
   995 | D        | Reached skill level 23 in Stealth
  1031 | D        | Reached ****** piety under Sif Muna
  1031 | D        | Received a gift from Sif Muna
  1059 | D        | Learned a level 3 spell: Gell's Gravitas
  1219 | D        | Reached skill level 1 in Translocations
  1244 | D        | Found Pompaj's Antique Weapon Shoppe.
  1244 | D        | Found Goberauvi's Assorted Antiques.
  1244 | D        | Found Gushe's Armour Boutique.
  1246 | D        | Found Yreroiqo's Distillery.
  1246 | D        | Found Lups's Weapon Shop.
  1246 | D        | Found Ebipp's Weapon Shoppe.
  1246 | D        | Found Yczir's Gadget Boutique.
  1246 | D        | Found Siefeucu's Distillery.
  1246 | D        | Found Wudet's Assorted Antiques.
  1246 | D        | Found Leeress's Book Shoppe.
  1250 | D        | Found Xeasherch's Gadget Boutique.
  1251 | D        | Found Osow's Assorted Antiques.
  1251 | D        | Found Ivathrul's Jewellery Boutique.
  1252 | D        | Found Luiked's Antique Weapon Emporium.
  1260 | D        | Bought a ring of the Octopus King {rF+ AC+1 EV+1 Str+1 Int+1 Dex+1} for 653 gold pieces
  1260 | D        | Bought a +5 amulet of reflection for 350 gold pieces
  1489 | D        | Reached skill level 10 in Spellcasting
  2020 | D        | Reached skill level 24 in Stealth
  2185 | D        | Noticed a lindwurm
  2188 | D        | Killed a lindwurm
  2188 | D        | Reached XP level 11. HP: 51/51 MP: 26/26
  2202 | D        | Reached skill level 5 in Translocations
  2219 | D        | Received a gift from Sif Muna
  2238 | D        | Identified Sif Muna's Catalogue of Boosting Necromancy (Sif Muna gifted it to you in the Dungeon)
  2245 | D        | Learned a level 3 spell: Ozocubu's Armour
  2252 | D        | Learned a level 6 spell: Deflect Missiles
  2290 | D        | Noticed a daeva
  2293 | D        | Noticed an unseen horror
  2293 | D        | Noticed an unseen horror
  2293 | D        | Noticed an unseen horror
  2294 | D        | Noticed an unseen horror
  2296 | D        | Killed an unseen horror
  2296 | D        | Reached skill level 25 in Stealth
  2296 | D        | Reached skill level 1 in Charms
  2297 | D        | Noticed an unseen horror
  2298 | D        | Killed an unseen horror
  2299 | D        | Killed an unseen horror
  2301 | D        | Killed an unseen horror
  2303 | D        | Killed an unseen horror
  2303 | D        | Reached skill level 26 in Stealth
  2512 | D        | Noticed a 12-headed hydra
  2514 | D        | Killed a 12-headed hydra
  2525 | D        | Noticed a deep elf annihilator
  2729 | D        | Noticed a golden dragon
  2729 | D        | Noticed a shadow dragon
  2733 | D        | Killed a shadow dragon
  2733 | D        | Received a gift from Sif Muna
  2733 | D        | Reached skill level 27 in Stealth
  2733 | D        | Reached skill level 5 in Charms
  2735 | D        | Killed a golden dragon
  2735 | D        | Reached skill level 10 in Translocations
  2735 | D        | Reached XP level 12. HP: 56/56 MP: 27/29
  2807 | D        | Found Wamias's Weapon Shoppe.
  2943 | D        | Bought a scroll labeled INIWELEOZA for 23 gold pieces
  2943 | D        | Bought a scroll labeled ONKANAI KENA for 23 gold pieces
  2943 | D        | Bought a scroll labeled ITWEEF GYCKORGH for 23 gold pieces
  2943 | D        | Bought a scroll labeled CIBUM CITT for 23 gold pieces
  2967 | D        | Bought a tubular coral ring for 145 gold pieces
  2969 | D        | Bought a scroll of remove curse for 87 gold pieces
  3056 | D        | Received a gift from Sif Muna
  3057 | D        | Identified Sif Muna's Handbook of Burning Hexes (Sif Muna gifted it to you in the Dungeon)
  3065 | D        | Learned a level 6 spell: Invisibility
  3134 | D        | Noticed a fire giant
  3137 | D        | Noticed a fire giant
  3138 | D        | Noticed a fire giant
  3139 | D        | Noticed a fire giant
  3271 | D        | Killed a fire giant
  3306 | D        | Killed a fire giant
  3306 | D        | Reached skill level 15 in Dodging
  3317 | D        | Killed a fire giant
  3317 | D        | Received a gift from Sif Muna
  3323 | D        | Killed a fire giant
  3323 | D        | Reached skill level 10 in Charms
  3348 | D        | Learned a level 8 spell: Discord
  3704 | D        | Killed a deep elf annihilator
  3760 | D        | Noticed a mummy priest
  3808 | D        | Noticed Lom Lobon
  3853 | D        | Noticed the 27-headed Lernaean hydra
  3856 | D        | Mangled by the 27-headed Lernaean hydra

Skill      XL: |  1  2  3  4  5  6  7  8  9 10 11 12 |
---------------+-------------------------------------+-----
Dodging        | 4 5 6 7 8 9 11 14 15 | 15.5
Stealth        | 7 9 12 14 16 18 21 24 27 | 27.0
Spellcasting   | 3 4 5 6 7 9 10 12 13 | 13.4
Hexes          | 5 8 10 12 13 15 16 17 18 19 | 19.9
Short Blades   | 2 3 4 |  4.5
Fighting       | 1 2 |  2.7
Translocations | 4 10 12 | 12.4
Charms         | 7 10 | 10.4
Ice Magic      | |  0.5

Action                   |  1- 3 |  4- 6 |  7- 9 | 10-12 || total
-------------------------+-------+-------+-------+-------++-------
Melee: Dagger            |     7 |     6 |    16 |   124 ||   153
 Cast: Ensorcelled Hiber |     1 |     2 |     3 |    15 ||    21
       Confuse           |       |       |     4 |    61 ||    65
       Dazzling Spray    |       |       |       |     3 ||     3
       Ozocubu's Armour  |       |       |       |     2 ||     2
       Discord           |       |       |       |     2 ||     2
  Use: Potion            |     1 |       |       |       ||     1
       Scroll            |       |       |       |     5 ||     5
 Stab: Sleeping          |     1 |     4 |     8 |    35 ||    48
       Confused          |       |       |     2 |    20 ||    22
       Distracted        |       |       |       |     4 ||     4
       Invisible         |       |       |       |     1 ||     1
  Eat: Bread ration      |       |       |       |     1 ||     1
Armor: Robe              |     1 |       |     1 |     7 ||     9
Dodge: Dodged            |     2 |     1 |    13 |   153 ||   169
Block: Other             |       |       |       |    23 ||    23
       Reflection        |       |       |       |     1 ||     1
